 Dungeon Crawl Stone Soup version 0.27-a0-1273-gec92ba881d (webtiles) character file.

Game seed: 9392535895275594791

1341 robertstho the Magician (level 8, -4/58 HPs)
             Began as a Djinni Fire Elementalist on June 11, 2021.
             Was an Initiate of Gozag.
             Shot with an arrow by a centaur (8 damage)
             ... on level 6 of the Dungeon.
             The game lasted 00:11:27 (8337 turns).

robertstho the Magician (Djinni Fire Elementalist)  Turns: 8337, Time: 00:11:28

Health: -4/58      AC:  2    Str: 11    XL:     8   Next: 93%
Gold:   109        EV: 13    Int: 17    God:    Gozag SH:  5 Dex: 14

rFire    + + .     SeeInvis +   r - +2 falchion of Juoss {freeze, Str+4 Int-2}
rCold    x . .     Faith    .   (no shield)
rNeg     . . .     Spirit   .   a - +0 robe
rPois    ∞         Reflect  +   (no helmet)
rElec    .         Harm     .   (no cloak)
rCorr    .         Rampage  .   (no gloves)
Will     .....                  (boots unavailable)
Stlth    ++........             x - amulet of reflection
HPRegen  0.19/turn              y - ring of see invisible
MPRegen  0.00/turn              (no ring)

@: mighty, gold aura, flying, very slightly contaminated
A: sickness immunity, fire resistance 2, cold vulnerability 1, float, innate
caster, hp casting, extra vitality 1
a: Renounce Religion, Potion Petition, Call Merchant, Bribe Branch


You were on level 6 of the Dungeon.
You worshipped Gozag.
Gozag was aware of your devotion.
You visited 2 branches of the dungeon, and saw 7 of its levels.

You collected 604 gold pieces.
You spent 450 gold pieces at shops.
You paid 45 gold pieces to Gozag.

Inventory:

Hand Weapons
 b - a +1 mace of holy wrath
 h - a +2 dagger of protection
 r - the +2 falchion of Juoss (weapon) {freeze, Str+4 Int-2}
   (You found it on level 4 of the Dungeon)

   It has been specially enchanted to freeze those struck by it, causing extra
   injury to most foes and up to half again as much damage against particularly
   susceptible opponents.
   It can also slow down cold-blooded creatures.
   It affects your strength (+4).
   It affects your intelligence (-2).
Missiles
 k - 2 throwing nets
 m - 5 boomerangs of dispersal
 v - 8 curare-tipped darts
Armour
 a - a +0 robe (worn)
Jewellery
 x - an amulet of reflection (around neck)
 y - a ring of see invisible (left hand)
Wands
 e - a wand of digging (13)
 n - a wand of iceblast (7)
 o - a wand of mindburst (21)
Scrolls
 c - a scroll of fog
 l - a scroll of magic mapping
 s - a scroll of enchant weapon {unknown}
 t - a scroll of enchant armour
 w - a scroll of teleportation
Potions
 f - 4 potions of might
 g - a potion of resistance {unknown}
 i - 3 potions of curing {unknown}
 j - a potion of magic {unknown}
 p - a potion of haste {unknown}
 q - a potion of ambrosia {unknown}


   Skills:
 * Level 4.4 Fighting
 + Level 1.5 Long Blades
 + Level 3.0 Dodging
 + Level 3.3 Stealth
 + Level 6.5 Spellcasting


You couldn't memorise any spells.
You knew the following spells:

 Your Spells              Type           Power      Damage    Failure   Level
a - Foxfire               Conj/Fire      100%       2x1d9     1%          1
b - Conjure Flame         Conj/Fire      28%        6-21      2%          3
c - Inner Flame           Hex/Fire       28%        N/A       2%          3
d - Sticky Flame          Conj/Fire      28%        2d5       9%          4
e - Fireball              Conj/Fire      14%        3d8       22%         5
f - Corona                Hex            31%        N/A       1%          1
g - Ensorcelled Hibernat  Hex/Ice        56%        N/A       1%          2
h - Portal Projectile     Hex/Tloc       56%        N/A       2%          3
Your spell library was empty.

Dungeon Overview and Level Annotations

Branches:
Dungeon (6/15)             Temple (1/1) D:4

Altars:
Cheibriados
Dithmenos
Elyvilon
Fedhas
Gozag
Kikubaaqudgha
Nemelex Xobeh
Okawaru
Qazlal
Sif Muna
Trog
Uskayaw
Zin

Shops:
D:1 =   D:5 =

Annotations:
D:6 Grinder


Innate Abilities, Weirdness & Mutations

You are immune to sickness and miasma.
You are immune to poison.
Your flesh is very heat resistant. (rF++)
You are vulnerable to cold. (rC-)
You float through the air rather than walking.
You learn spells naturally, not from books.
Your magical power is your life essence.
You have superior vitality. (+4 HP)


Message History

Aiming: Fireball (quite dangerous; 24% risk of failure)
Press: ? - help, Shift-Dir - straight line, f/p - centaur
Aim: a centaur, wielding a +0 shortbow and quivering arrows (heavily wounded)
The fireball explodes!
The fireball engulfs the centaur!
You kill the centaur!
Something unseen opens the door.
Your Dodging skill increases to level 3!
A centaur comes into view.
A white imp comes into view.
The centaur wields a +0 shortbow.
The centaur shoots an arrow.
The arrow hits you!
Casting: Fireball (quite dangerous; 22% risk of failure)
Confirm with . or Enter, or press ? or * to list all spells.
The spell is quite dangerous to cast (22% risk of failure)!
Continue anyway?
Aiming: Fireball (quite dangerous; 22% risk of failure)
Press: ? - help, Shift-Dir - straight line, f - white imp
Aim: a white imp (wandering, hasn't noticed you)
You miscast Fireball.
You are very lightly contaminated with residual magic.
A wave of violent energy washes through your body!
* * * LOW HITPOINT WARNING * * *
x2 The white imp shouts, "Give up, thou spongy tickle-brained efter!"
You feel much better. The white imp barely misses you.
Casting: Fireball (quite dangerous; 22% risk of failure)
Confirm with . or Enter, or press ? or * to list all spells.
Aiming: Sticky Flame (dangerous; 9% risk of failure)
Press: ? - help, Shift-Dir - straight line, f/p - white imp
Aim: a white imp (100% to hit)
The sticky flame hits the white imp.
The white imp is burned terribly!
The white imp is heavily wounded.
The white imp is covered in liquid flames!
* * * LOW HITPOINT WARNING * * *
The white imp burns!
You kill the white imp!
The centaur shoots an arrow.
The arrow hits you!
* * * LOW HITPOINT WARNING * * *
It was a potion of might.
You feel very mighty all of a sudden.
The centaur shoots an arrow.
The arrow hits you!
You die...
Your body crumbles into a pile of gold.

# # # #
##################
................@#
################.$c.$#
##########...#
####'##?#
[..........#.# 8#
.###########.# # ...#
#.# .#.# #.### .#.#
#...####### .#.#
#..........


You could see a centaur.

Vanquished Creatures
  Eustachio (D:4)
  An orc warrior (D:6)
  An ice beast (D:6)
  2 ogres
  A centaur (D:6)
  Blork the orc (D:4)
  A wyvern zombie (D:5)
  A water moccasin zombie (D:5)
  2 hounds (D:5)
  2 orc priests
  2 iguanas
  Natasha (thrice) (D:3)
  3 orc wizards
  A hound skeleton (D:5)
  Robin (D:2)
  3 gnolls (D:5)
  4 adders
  2 white imps
  An ufetubus (D:5)
  4 worms
  4 dart slugs
  30 orcs
  3 endoplasms
  5 giant cockroaches
  9 goblins
  11 hobgoblins
  7 kobolds
  5 quokkas
  7 ball pythons
  5 bats
  5 frilled lizards
  4 rats
132 creatures vanquished.

Vanquished Creatures (collateral kills)
  6 foxfires (D:3)
6 creatures vanquished.

Vanquished Creatures (others)
  638 foxfires
  10 plants
  4 toadstools (D:1)
652 creatures vanquished.

Grand Total: 790 creatures vanquished

Notes
Turn   | Place    | Note
-------+----------+-------------------------------------------
     0 | D:1      | robertstho the Djinni Fire Elementalist began the quest for
                  | the Orb.
     0 | D:1      | Reached XP level 1. HP: 15/15 MP: 0/0
   446 | D:1      | Found Ozuletaugg's Jewellery Emporium.
   492 | D:1      | Reached XP level 2. HP: 19/21 MP: 0/0
  1198 | D:2      | Reached XP level 3. HP: 24/26 MP: 0/0
  1198 | D:2      | Learned a level 1 spell: Corona
  1351 | D:2      | Reached skill level 3 in Spellcasting
  1588 | D:2      | Reached skill level 1 in Fighting
  1933 | D:2      | Noticed Robin
  1939 | D:2      | Killed Robin
  1940 | D:2      | Reached XP level 4. HP: 23/32 MP: 0/0
  2713 | D:2      | Found a sparkling altar of Nemelex Xobeh.
  2839 | D:3      | Found a white marble altar of Elyvilon.
  3088 | D:3      | Noticed Natasha
  3096 | D:3      | Killed Natasha
  3097 | D:3      | Reached XP level 5. HP: 23/38 MP: 0/0
  3097 | D:3      | Learned a level 2 spell: Ensorcelled Hibernation
  3295 | D:3      | Found a faded altar of an unknown god.
  3401 | D:3      | Noticed Natasha
  3415 | D:3      | Killed Natasha
  3664 | D:3      | Noticed Natasha
  3668 | D:3      | Killed Natasha
  3669 | D:3      | Reached skill level 4 in Spellcasting
  3864 | D:3      | Reached XP level 6. HP: 30/43 MP: 0/0
  4455 | D:4      | Found a staircase to the Ecumenical Temple.
  4479 | D:4      | Noticed Blork the orc
  4490 | D:4      | Killed Blork the orc
  4516 | Temple   | Entered the Ecumenical Temple
  4523 | Temple   | Became a worshipper of Gozag Ym Sagoz the Greedy
  4702 | D:4      | Noticed an ogre
  4708 | D:4      | Killed an ogre
  4709 | D:4      | Reached XP level 7. HP: 44/49 MP: 0/0
  4709 | D:4      | Learned a level 3 spell: Portal Projectile
  4765 | D:4      | Found a snail-covered altar of Cheibriados.
  4861 | D:4      | Noticed Eustachio
  4866 | D:4      | Killed Eustachio
  4867 | D:4      | Reached skill level 5 in Spellcasting
  5252 | D:4      | Found a glowing silver altar of Zin.
  5950 | D:4      | Identified the +2 falchion of Juoss {freeze, Str+4 Int-2}
  6128 | D:5      | Entered Level 5 of the Dungeon
  6352 | D:5      | Reached XP level 8. HP: 17/58 MP: 0/0
  6901 | D:5      | Found a stormy altar of Qazlal.
  6941 | D:5      | Found a hide-covered altar of Uskayaw.
  7262 | D:5      | Reached skill level 6 in Spellcasting
  7408 | D:5      | Found an iron altar of Okawaru.
  7409 | D:5      | Found a bloodstained altar of Trog.
  7411 | D:5      | Found a blossoming altar of Fedhas.
  7853 | D:5      | Found Zaebos's Jewellery Shoppe.
  7875 | D:5      | Bought an amulet of reflection for 300 gold pieces
  7880 | D:5      | Bought a ring of see invisible for 150 gold pieces
  8070 | D:6      | Reached skill level 1 in Long Blades
  8219 | D:6      | Noticed Grinder
  8337 | D:6      | Shot with an arrow by a centaur

Illustrated notes

Levels and vault maps discovered:
D:1:      ldierk_water_garden, layout_rooms, serial_shops, shop
D:2:      layout_loops_ring, basic_altar, chequers_serial_rivers_marsh,
          uniq_robin
D:3:      layout_basic, nicolae_elyvilon_temple_path,
          shapermc_ecumenical_altar_mp_ritualfount, hangedman_decor_opposing,
          chequers_avenue, uniq_natasha
D:4:      layout_layer_cave, old_standard_altar, zin_statuary,
          minmay_temple_entry_overgrown, minmay_door_square, uniq_blork_the_orc,
          uniq_eustachio
D:5:      corexii_shack_village, layout_loops_ring,
          nicolae_uskayaw_murder_on_the_dancefloor,
          nicolae_overflow_hidden_temple, grunt_qazlal_clouds, serial_bayou,
          serial_bayou_crossing, serial_bayou_pond_a, serial_bayou_pond_c,
          serial_bayou_shore_b, serial_shops, shop_coins, hangedman_decor_push,
          kennysheep_generic_room_10
D:6:      minmay_chambers_of_sixes, layout_loops_ring,
          nicolae_wu_jian_wuxing_cycle, led_xom_imps, uniq_grinder, uniq_maggie
Temple:   compressed_dpeg_triangle_lava_temple

Skill      XL: |  1  2  3  4  5  6  7  8 |
---------------+-------------------------+-----
Spellcasting   | 3 4 5 6 |  6.5
Fighting       | 1 2 3 4 |  4.4
Stealth        | 2 3 |  3.3
Long Blades    | 1 |  1.5
Dodging        | 3 |  3.0

Action                   |  1- 3 |  4- 6 |  7- 9 || total
-------------------------+-------+-------+-------++-------
Melee: Falchion          |       |       |    26 ||    26
 Cast: Foxfire           |    86 |   178 |   126 ||   390
       Sticky Flame      |       |       |    10 ||    10
       Fireball          |       |       |     5 ||     5
  Use: Scroll            |       |     4 |     1 ||     5
       Potion            |       |       |     2 ||     2
Armor: Robe              |     5 |       |     2 ||     7
Dodge: Dodged            |    16 |    14 |    33 ||    63
Block: Other             |       |       |     1 ||     1
       Rpst.: Falchion   |       |       |    10 ||    10

Table legend: (Time is in decaauts)
 A = Elapsed time spent in this place.
 B = Non-inter-level travel time spent in this place.
 C = Inter-level travel time spent in this place.
 D = Time resting spent in this place.
 E = Time spent auto-exploring this place.
 F = Levels seen in this place.
 G = Mean time per level.
                   A        B        C        D        E       F      G
               +--------+--------+--------+--------+--------+-----+--------+
         Total |   8352 |   8197 |    155 |    197 |   7115 |   7 | 1193.1 |
       Dungeon |   8337 |   8190 |    147 |    197 |   7115 |   6 | 1389.5 |
        Temple |     14 |      7 |      7 |      0 |      0 |   1 |   14.0 |
               +--------+--------+--------+--------+--------+-----+--------+

Top non-repeatable levels by time:
     D:2: 1911 daAuts
     D:5: 1879 daAuts
     D:4: 1676 daAuts
     D:3: 1609 daAuts
     D:1: 925 daAuts
     D:6: 335 daAuts
  Temple: 14 daAuts
